 Dungeon Crawl Stone Soup version 0.28-a0-628-g3c9886e45e (webtiles) character file.

Game seed: 8487464615488002491

106 demibob the Poker (level 4, -10/35 (36) HPs)
             Began as a Demonspawn Abyssal Knight on Oct 9, 2021.
             Was a Believer of Lugonu.
             Mangled by Crazy Yiuf (15 damage)
             ... on level 2 of the Dungeon.
             The game lasted 00:03:47 (2308 turns).

demibob the Poker (Demonspawn Abyssal Knight)       Turns: 2308, Time: 00:03:48

HP:   -10/35 (36)   AC:  4    Str: 13    XL:     4   Next: 55%
MP:   5/5           EV: 11    Int: 11    God:    Lugonu [**....]
Gold: 86            SH:  0    Dex: 15    Spells: 3/3 levels left

rFire   . . .      SeeInvis .   a - +1 spear
rCold   . . .      Faith    +   (no shield)
rNeg    . . .      Spirit   .   b - +0 leather armour
rPois   .          Reflect  .   (no helmet)
rElec   .          Harm     .   (no cloak)
rCorr   .          Rampage  .   (no gloves)
Will    .....                   (no boots)
Stlth   +.........              f - amulet of faith {!P}
HPRegen 0.11/turn               (no ring)
MPRegen 0.09/turn               (no ring)

@: lightly drained
A: rugged brown scales 1, condensation shield
a: Renounce Religion, Depart the Abyss, Bend Space


You were on level 2 of the Dungeon.
You worshipped Lugonu.
Lugonu was pleased with you.
You visited 1 branch of the dungeon, and saw 2 of its levels.
You visited the Abyss 1 time.

You collected 86 gold pieces.


Innate Abilities, Weirdness & Mutations

You are partially covered in rugged brown scales. (AC +1, +3% HP)
A meltable shield of frost defends you. (SH +0)


   Skills:
 - Level 3.0 Fighting
 + Level 4.4 Polearms
 - Level 1.7 Armour
 - Level 0.8 Dodging
 - Level 2.4 Invocations


You had 3 spell levels left.
You didn't know any spells.
Your spell library contained the following spells:

 Spells                   Type           Power      Damage    Failure   Level
 Dazzling Flash           Conj/Hex       0%         N/A       80%         3
 Iskenderun's Mystic Bla  Conj/Tloc      0%         2d3       99%         4
 Starburst                Conj/Fire      0%         6d3       100%        6

Inventory:

Hand Weapons
 a - a +1 spear (weapon)
Missiles
 h - a throwing net {=f}
Armour
 b - a +0 leather armour (worn)
Jewellery
 f - an amulet of faith (around neck) {!P}
Scrolls
 c - 5 scrolls of identify {@r1}
 e - a scroll of blinking
 g - 2 scrolls of teleportation {@r2}

Dungeon Overview and Level Annotations

Branches:
Dungeon (2/15)

Altars:

Annotations:
D:2 Crazy Yiuf

#.####....#
#.# ##..##
#.# ♣....♣
#########.#
♣♣...♣
#.........#
♣♣.♣♣
#......[..#
♣♣)♣
#.........#
♣)♣♣
#.........#
♣♣)♣
####.#######
♣@♣♣ #....#
▒g▒ ..#####
... ......#
▒)..▒
#..####
▒).)▒ #.##
▒▒▒▒▒ #.#
..# .##
########


You could see Crazy Yiuf.


Message History

You hit Crazy Yiuf but do no damage.
Crazy Yiuf is lightly wounded.
Crazy Yiuf yells, "Whippet tired bag!"
You block Crazy Yiuf's attack.
You hit Crazy Yiuf.
Crazy Yiuf is lightly wounded.
Crazy Yiuf hits you with a +3 quarterstaff of chaos!
Your condensation shield dissipates!
Crazy Yiuf burns you.
You hit Crazy Yiuf.
Crazy Yiuf is heavily wounded.
Crazy Yiuf closely misses you.
You hit Crazy Yiuf.
Crazy Yiuf is heavily wounded.
Crazy Yiuf drinks a potion.
Crazy Yiuf is healed!
You hit Crazy Yiuf.
Crazy Yiuf is moderately wounded.
Crazy Yiuf hits you with a +3 quarterstaff of chaos!
* * * LOW HITPOINT WARNING * * *
Space bends around you.
* * * LOW HITPOINT WARNING * * *
You hit Crazy Yiuf but do no damage.
Crazy Yiuf is moderately wounded.
You barely miss Crazy Yiuf.
Crazy Yiuf is moderately wounded.
Crazy Yiuf misses you.
You barely miss Crazy Yiuf.
Crazy Yiuf is moderately wounded.
Crazy Yiuf hits you with a +3 quarterstaff of chaos!
You die...

Skill      XL: |  1  2  3 |
---------------+----------+-----
Polearms       | 2 3 4 |  4.4
Fighting       | |  3.0
Armour         | |  1.7
Dodging        | |  0.8
Invocations    | |  2.4

Action                   |  1- 3 |  4- 6 || total
-------------------------+-------+-------++-------
Melee: Spear             |   155 |    52 ||   207
  Use: Scroll            |     4 |       ||     4
       Potion            |       |     2 ||     2
 Stab: Sleeping          |     1 |     1 ||     2
Armor: Leather armour    |    27 |     7 ||    34
Dodge: Dodged            |    71 |    14 ||    85
Block: Other             |    16 |     9 ||    25

Levels and vault maps discovered:
D:1:      ncdulo_smallfort, layout_basic, shapermc_ecumenical_altar_acropolis,
          grunt_decor_fettered, hex_intersection
D:2:      layout_rooms, serial_curves, eino_curves_04, eino_curves_02,
          eino_curves_03, minmay_tromino_v4_b, uniq_crazy_yiuf_cottage

Notes
Turn   | Place    | Note
-------+----------+-------------------------------------------
     0 | Abyss:1  | demibob the Demonspawn Abyssal Knight began the quest for
                  | the Orb.
     0 | Abyss:1  | Reached XP level 1. HP: 18/18 MP: 2/2
    13 | D:1      | You pass through the gate.
    13 | D:1      | Escaped the Abyss
    59 | D:1      | Reached skill level 2 in Polearms
   123 | D:1      | Gained mutation: A meltable shield of frost defends you.
                  | (SH +0) [demonic ancestry]
   123 | D:1      | Reached XP level 2. HP: 21/24 MP: 3/3
   364 | D:1      | Reached ** piety under Lugonu
   424 | D:1      | Reached skill level 3 in Polearms
   492 | D:1      | Found a faded altar of an unknown god.
   629 | D:1      | Gained mutation: You are partially covered in rugged brown
                  | scales. (AC +1, +3% HP) [demonic ancestry]
   629 | D:1      | Reached XP level 3. HP: 4/29 MP: 4/4
  1735 | D:2      | Found a runed translucent door.
  1736 | D:2      | Noticed Crazy Yiuf
  1843 | D:2      | Reached skill level 4 in Polearms
  1843 | D:2      | Reached XP level 4. HP: 33/36 MP: 5/5
  2308 | D:2      | Mangled by Crazy Yiuf

Vanquished Creatures
  A hound (D:2)
  An adder (D:2)
  2 worms (D:2)
  2 dart slugs (D:2)
  4 ball pythons
  5 endoplasms
  2 giant cockroaches (D:1)
  5 goblins
  8 hobgoblins
  6 kobolds
  2 quokkas
  6 bats
  2 frilled lizards (D:1)
  4 rats (D:1)
50 creatures vanquished.

Table legend: (Time is in decaauts)
 A = Elapsed time spent in this place.
 B = Non-inter-level travel time spent in this place.
 C = Inter-level travel time spent in this place.
 D = Time resting spent in this place.
 E = Time spent auto-exploring this place.
 F = Levels seen in this place.
 G = Mean time per level.
                   A        B        C        D        E       F      G
               +--------+--------+--------+--------+--------+-----+--------+
         Total |   2293 |   2241 |     52 |    370 |   1498 |   3 |  764.3 |
       Dungeon |   2280 |   2228 |     52 |    370 |   1498 |   2 | 1140.0 |
         Abyss |     13 |     13 |      0 |      0 |      0 |   1 |   13.0 |
               +--------+--------+--------+--------+--------+-----+--------+

Top non-repeatable levels by time:
     D:1: 1197 daAuts
     D:2: 1083 daAuts
 Abyss:1: 13 daAuts

Table legend:
 A = Non-vault XP
 B = Vault XP
 C = Vault XP percentage of total XP
 D = Non-vault monster count
 E = Vault monster count
 F = Vault count percentage of total count
                 A         B        C        D         E       F
            +---------+---------+-------+---------+---------+-------
      Total |     138 |      14 |   9.2 |      49 |       1 |   2.0
            +---------+---------+-------+---------+---------+-------
        D:1 |      47 |       0 |   0.0 |      28 |       0 |   0.0
        D:2 |      91 |      14 |  13.3 |      21 |       1 |   4.5
            +---------+---------+-------+---------+---------+-------
